 Dungeon Crawl Stone Soup version 0.29-a0-474-gdfe5cd140f (webtiles) character file.

Game seed: 7619426464565149779

1653 omnomnOMINOUS the Conjurer (level 9, -2/62 HPs)
             Began as an Octopode Wanderer on May 24, 2022.
             Was a Priest of Wu Jian.
             Slain by a centaur
             ... wielding a +2 vampiric trident
              (9 damage)
             ... on level 7 of the Dungeon.
             The game lasted 00:25:58 (10611 turns).

omnomnOMINOUS the Conjurer (Octopode Wanderer)     Turns: 10611, Time: 00:25:59

Health: -2/62      AC:  1    Str: 14    XL:     9   Next: 0%
Magic:  12/12      EV: 14    Int: 17    God:    Wu Jian [***...]
Gold:   322        SH:  0    Dex:  8    Spells: 7/12 levels left

rFire   . . .      SeeInvis .   b - +5 whip "Anyl" {venom, rElec rPois Will++ Dex-2}
rCold   . . .      Faith    .   (no shield)
rNeg    + + .      Spirit   .   (helmet restricted)
rPois   +          Reflect  .   (no amulet)
rElec   +          Harm     .   x - ring of positive energy
rCorr   .          Rampage  .   z - ring of positive energy
Will    ++...                   (no ring)
Stlth   ++........              (no ring)
HPRegen 0.20/turn               (no ring)
MPRegen 0.13/turn               (no ring)
                                (no ring)
                                (no ring)

@: flying
A: almost no armour, amphibious, 8 rings, camouflage 1, gelatinous body 1,
(nimble swimmer 1), tentacles
a: Renounce Religion, Wall Jump, Serpent's Lash


You were on level 7 of the Dungeon.
You worshipped Wu Jian.
Wu Jian was most pleased with you.
You visited 1 branch of the dungeon, and saw 7 of its levels.

You collected 322 gold pieces.

Inventory:

Hand Weapons
 a - a +2 vorpal spear
 b - the +5 whip "Anyl" (weapon) {venom, rElec rPois Will++ Dex-2}
   (You found it on level 3 of the Dungeon)

   It poisons the flesh of those it strikes.
   Dex:       It affects your dexterity (-2).
   rElec:     It insulates you from electricity.
   rPois:     It protects you from poison.
   Will:      It greatly increases your willpower.
 s - a +3 flail
 w - a +3 quarterstaff of chaos
 F - a +0 dagger of draining
 G - a +1 dagger of venom
Missiles
 n - 2 throwing nets
Magical Staves
 m - a staff of earth
 I - a staff of air
Jewellery
 x - a ring of positive energy (left tentacle)
 z - a ring of positive energy (right tentacle)
Wands
 c - a wand of flame (17)
 A - a wand of polymorph (9)
 H - a wand of iceblast (1)
Scrolls
 d - 5 scrolls of teleportation
 e - 2 scrolls of vulnerability {unknown}
 i - 2 scrolls of poison {unknown}
 j - 3 scrolls of identify
 k - 2 scrolls of fog
 o - a scroll of torment {unknown}
 y - a scroll of amnesia {unknown}
 B - a scroll of immolation {unknown}
 D - a scroll of enchant weapon {unknown}
 J - a scroll of enchant armour {unknown}
Potions
 f - a potion of lignification {unknown}
 g - a potion of flight
 h - a potion of mutation {unknown}
 l - a potion of brilliance {unknown}
 p - a potion of heal wounds {unknown}
 q - a potion of ambrosia {unknown}
 r - a potion of might {unknown}
 t - 2 potions of curing
 u - a potion of attraction {unknown}
 v - 2 potions of degeneration {unknown}
 C - a potion of invisibility {unknown}
 E - a potion of resistance {unknown}


   Skills:
 + Level 6.2 Fighting
 + Level 6.2 Dodging
 - Level 1.3 Stealth
 - Level 2.0 Spellcasting
 + Level 7.1 Conjurations
 - Level 4.3 Evocations


You had 7 spell levels left.
You knew the following spells:

 Your Spells              Type           Power      Damage    Failure   Level
a - Shock                 Conj/Air       52%        1d6       4%          1
b - Fulminant Prism       Conj/Hex       6%         3d7       41%         4

Your spell library contained the following spells:

 Spells                   Type           Power      Damage    Failure   Level
 Dazzling Flash           Conj/Hex       26%        N/A       14%         3
 Iskenderun's Mystic Bla  Conj/Tloc      13%        2d5       41%         4
 Call Canine Familiar     Summ           1%         N/A       50%         3
 Portal Projectile        Hex/Tloc       2%         N/A       50%         3
 Leda's Liquefaction      Hex/Erth       0%         N/A       88%         4
 Lee's Rapid Deconstruct  Erth           0%         3d5*      99%         5


Dungeon Overview and Level Annotations

Branches:
Dungeon (7/15)             Temple (0/1) D:6

Altars:
Cheibriados
Dithmenos
Fedhas
Wu Jian
Zin


Innate Abilities, Weirdness & Mutations

You cannot wear most types of armour.
You are amphibious.
You can wear up to eight rings at the same time.
Your skin changes colour to match your surroundings (Stealth+).
Your rubbery body absorbs attacks. (AC +1, EV +1)
((You are camouflaged when in or above water. (Stealth+)))
You have tentacles for arms and can constrict up to eight enemies at once.


Message History

Press: ? - help, Shift-Dir - straight line, f/p - gnoll sergeant
Aim: a gnoll sergeant, wielding a +2 vampiric trident, wearing a +0 ring mail and wearing a +0 kite shield (will become a howler monkey, a swamp drake, or a centaur, chance to affect: 60%)
The gnoll sergeant resists with significant effort.
The gnoll sergeant misses you.
Aiming: Polymorph
Press: ? - help, Shift-Dir - straight line, f/p - gnoll sergeant
Aim: a gnoll sergeant, wielding a +2 vampiric trident, wearing a +0 ring mail and wearing a +0 kite shield (will become a howler monkey, a swamp drake, or a centaur, chance to affect: 60%)
The gnoll sergeant evaporates and reforms as a centaur!
The centaur picks up a +2 vampiric trident.
The centaur wields a +2 vampiric trident.
You lunge at the centaur, but your attack speed is too slow for a blow to land.
The centaur hits you with a +2 vampiric trident!
The centaur kicks you but does no damage.
You hit the centaur.
The centaur is lightly wounded.
The centaur picks up a +0 kite shield.
The centaur wears a +0 kite shield.
You hit the centaur.
The centaur is moderately wounded.
The centaur misses you. The centaur kicks you.
The centaur hits you with a +2 vampiric trident!
The centaur kicks you. The centaur blocks your attack.
You squeeze the centaur, but do no damage.
The centaur is moderately wounded.
The centaur closely misses you. x2
The centaur hits you with a +2 vampiric trident!
* * * LOW HITPOINT WARNING * * *
The centaur misses you.
It was a potion of curing.
You feel better. The centaur completely misses you. The centaur kicks you.
It was a potion of flight.
You feel very buoyant.
You fly up into the air.
The centaur hits you with a +2 vampiric trident!
* * * LOW HITPOINT WARNING * * *
The centaur draws strength from your wounds!
The centaur kicks you.
* * * LOW HITPOINT WARNING * * *
The centaur hits you with a +2 vampiric trident!
You die...

#.# ..# #.# #.#
# #.##.####
#...g.... #.#
#c# #@# #.#
#.######
#......#
######.#
#######.#######.
>...............
#######.####....
########## #.#
#.# #


You could see a centaur.

Vanquished Creatures
  A steam dragon (D:7)
  A black bear (D:6)
  A sky beast (D:6)
  A bullfrog (D:6)
  3 kobold brigands (D:6)
  2 necrophages (D:5)
  2 scorpions (D:6)
  6 hounds
  A jelly (D:3)
  An orc priest (D:4)
  Crazy Yiuf (D:3)
  2 iguanas (D:5)
  An orc wizard (D:6)
  Natasha (thrice) (D:2)
  19 gnolls
  7 adders
  A white imp (D:6)
  2 ufetubi (D:5)
  6 worms
  3 dart slugs
  11 orcs
  20 endoplasms
  6 giant cockroaches
  7 goblins
  5 hobgoblins
  25 kobolds
  3 quokkas
  6 ball pythons
  4 frilled lizards
  8 rats
159 creatures vanquished.

Vanquished Creatures (others)
  2 fulminant prisms (D:6)
  3 fungi (D:3)
  5 toadstools (D:3)
10 creatures vanquished.

Grand Total: 169 creatures vanquished

Notes
Turn   | Place    | Note
-------+----------+-------------------------------------------
     0 | D:1      | omnomnOMINOUS the Octopode Wanderer began the quest for the
                  | Orb.
     0 | D:1      | omnomnOMINOUS set off with the following items: a +0 club,
                  | 2 scrolls of fog, a wand of flame (19); and the following
                  | spell memorised: Shock; and the following spells available
                  | to memorise: Dazzling Flash
     0 | D:1      | Reached XP level 1. HP: 11/11 MP: 3/3
   138 | D:1      | Reached XP level 2. HP: 18/18 MP: 5/5
   337 | D:1      | Reached skill level 1 in Fighting
   429 | D:1      | Reached skill level 1 in Dodging
   658 | D:1      | Reached XP level 3. HP: 23/23 MP: 3/6
   696 | D:1      | Found a faded altar of an unknown god.
   707 | D:1      | Prayed at the altar of an unknown god.
   707 | D:1      | Became a worshipper of the Wu Jian Council
   707 | D:1      | Reached * piety under Wu Jian
  2457 | D:2      | Noticed Natasha
  2461 | D:2      | Killed Natasha
  2462 | D:2      | Reached XP level 4. HP: 21/29 MP: 4/7
  2839 | D:2      | Reached skill level 4 in Conjurations
  2852 | D:2      | Reached XP level 5. HP: 5/35 MP: 2/8
  3808 | D:3      | Identified the +5 whip "Anyl" {venom, rElec rPois Will++
                  | Dex-2}
  3880 | D:3      | Found a runed translucent door.
  3881 | D:3      | Noticed Crazy Yiuf
  3900 | D:3      | Reached ** piety under Wu Jian
  4202 | D:2      | Noticed Natasha
  4207 | D:2      | Killed Natasha
  4208 | D:2      | Reached XP level 6. HP: 38/42 MP: 9/9
  4374 | D:2      | Noticed Natasha
  4385 | D:2      | Killed Natasha
  5761 | D:3      | Killed Crazy Yiuf
  5823 | D:4      | Found a blossoming altar of Fedhas.
  6163 | D:4      | Reached skill level 5 in Conjurations
  6376 | D:4      | Reached XP level 7. HP: 37/47 MP: 10/10
  7021 | D:5      | Entered Level 5 of the Dungeon
  7690 | D:5      | Reached *** piety under Wu Jian
  8206 | D:6      | Found a staircase to the Ecumenical Temple.
  8284 | D:6      | Noticed a steam dragon
  8462 | D:6      | Reached XP level 8. HP: 44/54 MP: 11/11
  8623 | D:6      | Reached skill level 5 in Fighting
  8623 | D:6      | Reached skill level 5 in Dodging
  8623 | D:6      | Reached skill level 6 in Conjurations
  8766 | D:6      | Noticed a rime drake
  8766 | D:6      | a steam dragon changed into a rime drake
  8767 | D:6      | a rime drake changed into a sky beast
  9237 | D:5      | Learned a level 4 spell: Fulminant Prism
 10160 | D:6      | Found a glowing silver altar of Zin.
 10168 | D:6      | Found a shadowy altar of Dithmenos.
 10173 | D:6      | Found a snail-covered altar of Cheibriados.
 10343 | D:7      | Reached skill level 7 in Conjurations
 10343 | D:7      | Reached XP level 9. HP: 21/62 MP: 12/12
 10611 | D:7      | Slain by a centaur

Illustrated notes

Levels and vault maps discovered:
D:1:      lemuel_arrival_cross, layout_loops_corners,
          shapermc_ecumenical_altar_starsandcircs, grunt_decor_arrowhead,
          hangedman_decor_diamond_cutter
D:2:      layout_basic, uniq_natasha
D:3:      cheibrodos_fertilizer, layout_loops_cross, uniq_crazy_yiuf_cottage
D:4:      layout_gridville, mainiacjoe_overflow_tiny_flanked
D:5:      layout_basic, minmay_misc_feat_five
D:6:      cheibrodos_thug_alley, layout_loops_ring,
          minmay_overflow_temple_star_quad, minmay_temple_entry_statues_pillars
D:7:      wad_river_or_something, layout_loops_ring,
          hangedman_decor_peaks_small, grunt_ministairs_9

Skill      XL: |  1  2  3  4  5  6  7  8 |
---------------+-------------------------+-----
Fighting       | 1 2 3 4 6 |  6.2
Dodging        | 1 2 3 4 6 |  6.2
Conjurations   | 4 5 7 |  7.1
Stealth        | |  1.3
Spellcasting   | |  2.0
Evocations     | |  4.3

Action                   |  1- 3 |  4- 6 |  7- 9 || total
-------------------------+-------+-------+-------++-------
Melee: Club              |    54 |     2 |       ||    56
       Constrict         |    16 |    22 |    24 ||    62
       Tentacles         |     6 |    15 |    20 ||    41
       Whip              |       |    81 |   123 ||   204
       Flail             |       |     8 |       ||     8
       Rapier            |       |     4 |       ||     4
       Halberd           |       |     1 |       ||     1
       Punch             |       |       |     2 ||     2
 Cast: Shock             |    30 |    96 |    68 ||   194
       Fulminant Prism   |       |       |     2 ||     2
Invok: Lunge             |     3 |    15 |    13 ||    31
       Whirlwind         |     1 |       |     2 ||     3
Evoke: Wand              |       |       |    10 ||    10
  Use: Scroll            |       |       |     2 ||     2
       Potion            |       |       |     2 ||     2
 Stab: Sleeping          |     9 |     7 |     8 ||    24
Armor: Skin              |     2 |     2 |    11 ||    15
Dodge: Dodged            |    28 |    43 |    84 ||   155

Table legend: (Time is in decaauts)
 A = Elapsed time spent in this place.
 B = Non-inter-level travel time spent in this place.
 C = Inter-level travel time spent in this place.
 D = Time resting spent in this place.
 E = Time spent auto-exploring this place.
 F = Levels seen in this place.
 G = Mean time per level.
                   A        B        C        D        E       F      G
               +--------+--------+--------+--------+--------+-----+--------+
         Total |  10661 |  10244 |    417 |   2605 |   6188 |   7 | 1523.0 |
       Dungeon |  10661 |  10244 |    417 |   2605 |   6188 |   7 | 1523.0 |
               +--------+--------+--------+--------+--------+-----+--------+

Top non-repeatable levels by time:
     D:2: 2806 daAuts
     D:1: 1822 daAuts
     D:5: 1660 daAuts
     D:6: 1653 daAuts
     D:3: 1303 daAuts
     D:4: 1123 daAuts
     D:7: 291 daAuts
